Map: Nightscape CE

Players

babidjon

  • Race: Protoss Protoss
  • Spawn Location: 1:00

BESONYAGA

  • Race: Terran Terran
  • Spawn Location: 1:00

Ekelpack - Winner!

  • Race: Zerg Zerg
  • Spawn Location: 7:00

Nyck - Winner!

  • Race: Terran Terran
  • Spawn Location: 7:00

VOD

Have the link to the VOD?

Description

Time

  • Played on: Oct. 8, 2024, 1:02 p.m.
  • Length: 8:09
Show
View Real Time Build Order
Export as new Build Order

babidjon Protoss 

Build Orders:  

Get SALT Encoding   

  12  0:11  Pylon  
  12  0:32  Gateway  
  12  0:35  Assimilator, Probe  
  13  1:10  Probe  
  14  1:22  Probe  
  14  1:23  Cybernetics Core  
  15  1:27  Assimilator  
  15  1:34  Probe  
  16  1:46  Probe (Chrono Boost)  
  17  1:58  Probe (Chrono Boost)  
  18  2:03  Probe (Chrono Boost)  
  19  2:12  Probe  
  20  2:24  Probe  
  21  2:38  Stalker (Chrono Boost)  
  21  3:26  Stalker  
  23  3:40  Pylon  
  23  3:41  Stargate  
  23  3:45  Pylon  
  23  3:59  Stalker  
  25  4:09  Shield Battery  
  25  4:10  Warp Gate  
  25  4:11  Shield Battery  
  25  4:22  Pylon, Stargate  
  25  4:25  Shield Battery  
  25  5:16  Nexus  
  25  5:17  Stalker  
  25  5:18  Pylon  
  25  5:21  Pylon  
  31  5:24  Pylon  
  31  5:27  Void Ray  
  35  5:41  Void Ray  
  35  5:51  Forge  
  35  5:56  Assimilator  
  35  5:59  Assimilator  
  35  6:09  Stalker  
  37  6:29  Probe  
  37  6:30  Probe  
  39  6:41  Probe  
  39  6:42  Probe  
  41  6:54  Probe x2  
  31  7:18  Stalker  
Show
View Real Time Build Order
Export as new Build Order

BESONYAGA Terran 

Build Orders:  

Get SALT Encoding   

  12  0:04  SCV  
  13  0:33  Supply Depot  
  13  0:36  SCV  
  13  0:40  Refinery  
  14  0:48  SCV  
  15  0:59  Barracks  
  15  1:00  SCV  
  16  1:28  SCV  
  17  1:40  SCV  
  18  1:48  Barracks  
  18  1:52  SCV  
  19  2:04  SCV  
  20  2:10  Factory  
  20  2:12  Marine  
  21  2:22  Orbital Command  
  21  2:30  Marine  
  21  2:36  Supply Depot  
  22  2:42  Barracks Tech Lab  
  22  2:48  Marine  
  23  3:01  Supply Depot  
  23  3:05  Marine  
  24  3:23  Marine  
  25  3:27  Supply Depot  
  25  3:39  Marine  
  26  3:56  Marine  
  26  4:02  Factory Tech Lab  
  27  4:14  Marine  
  28  4:30  Barracks Reactor  
  28  4:32  Marine  
  29  4:50  Marine  
  30  5:34  Barracks Reactor  
  30  5:47  Siege Tank  
  33  6:02  Command Center  
  33  6:19  Siege Tank  
  25  6:51  Siege Tank  
  18  7:41  Supply Depot  
Show
View Real Time Build Order
Export as new Build Order

Ekelpack Zerg - Winner!

Build Orders: Hatch First 

Get SALT Encoding   

  12  0:07  Drone  
  13  0:12  Overlord  
  13  0:19  Drone  
  14  0:31  Drone  
  15  0:49  Drone  
  16  0:53  Hatchery  
  15  0:59  Drone  
  16  1:08  Spawning Pool  
  16  1:10  Drone  
  16  1:14  Extractor  
  16  1:16  Drone  
  16  1:20  Drone  
  16  1:24  Drone  
  18  1:41  Drone  
  19  1:47  Drone  
  20  1:58  Queen  
  22  2:06  Drone  
  22  2:08  Queen  
  23  2:12  Drone  
  26  2:18  Drone  
  26  2:22  Metabolic Boost  
  27  2:29  Zergling x2  
  28  2:32  Roach Warren  
  27  2:43  Drone  
  27  2:44  Overlord  
  28  2:56  Overlord  
  28  2:57  Overlord  
  28  3:03  Extractor  
  27  3:05  Drone  
  27  3:06  Drone x3  
  27  3:10  Extractor  
  30  3:15  Lair  
  30  3:23  Drone x3  
  30  3:26  Extractor  
  32  3:36  Drone x4, Evolution Chamber  
  35  3:43  Queen  
  35  3:47  Drone  
  38  3:56  Drone x2  
  38  3:59  Roach x4  
  38  4:02  Zerg Missile Weapons Level 1  
  48  4:12  Overlord  
  48  4:18  Roach  
  48  4:19  Hydralisk Den  
  49  4:35  Drone x4  
  49  4:36  Drone, Glial Reconstitution  
  54  4:40  Overlord  
  54  4:44  Roach  
  54  4:45  Roach  
  58  4:52  Grooved Spines  
  58  4:54  Hydralisk  
  58  4:56  Overlord  
  60  5:03  Hydralisk x4  
  68  5:23  Hydralisk x3, Roach  
  68  5:25  Overlord  
  76  5:45  Hydralisk x4  
  76  5:46  Overlord  
  84  6:11  Hydralisk x4  
  84  6:13  Overlord x2  
  92  6:21  Hatchery  
  90  6:46  Hydralisk x7  
  90  6:47  Hydralisk  
  106  7:04  Overlord, Roach  
  106  7:05  Overlord  
  102  7:40  Hydralisk x2  
  102  7:41  Hydralisk x5  
Show
View Real Time Build Order
Export as new Build Order

Nyck Terran - Winner!

Build Orders:  

Get SALT Encoding   

  12  0:00  SCV  
  13  0:12  SCV  
  14  0:17  Supply Depot  
  14  0:24  SCV  
  15  0:42  Barracks  
  15  0:43  SCV  
  16  0:50  Refinery  
  16  1:04  SCV, Barracks  
  17  1:16  SCV  
  18  1:24  Barracks  
  18  1:28  SCV  
  19  1:34  Reaper  
  19  1:37  Refinery  
  20  1:44  Orbital Command  
  20  1:56  Supply Depot  
  20  2:07  Marine x2  
  22  2:13  SCV  
  23  2:18  Barracks Tech Lab  
  23  2:26  SCV  
  24  2:34  Supply Depot  
  24  2:36  Marine x2  
  26  2:49  SCV, Marine  
  28  2:58  Marine x2  
  28  3:01  SCV  
  30  3:07  Combat Shield  
  30  3:10  Factory  
  30  3:16  Marauder  
  30  3:17  Marine  
  30  3:19  Marine  
  33  3:34  Engineering Bay  
  33  3:35  SCV  
  33  3:36  Engineering Bay  
  33  3:37  Marine x2  
  33  3:41  Marauder  
  38  3:48  SCV  
  39  3:54  Supply Depot  
  39  3:59  Supply Depot  
  39  4:03  Starport  
  39  4:05  Barracks Reactor  
  39  4:06  Barracks Reactor  
  39  4:16  Marauder  
  41  4:21  Terran Infantry Weapons Level 1  
  41  4:22  Terran Infantry Armor Level 1  
  41  4:29  Armory  
  41  4:33  Stimpack  
  41  4:50  Medivac  
  43  4:55  Marine x3  
  46  5:14  Marine  
  46  5:21  Marine, Marauder  
  47  5:26  Medivac  
  52  5:37  SCV  
  52  5:40  Marine x2  
  55  5:48  Marine x2  
  55  5:49  Marauder  
  59  5:50  Supply Depot  
  59  5:53  Terran Vehicle And Ship Armor Level 1  
  59  6:02  Medivac  
  59  6:04  Marine x2  
  63  6:12  Marauder  
  63  6:13  Supply Depot  
  65  6:41  Command Center  
  63  7:07  Marine x3  
  63  7:39  Marine x4  
  63  7:40  Marine  
Tags
 
Add a new tag
Caveats
  • Supply blocks, unpowered buildings, or Contaminate may cause inaccurate times.
  • Supply counts are checked every 10 seconds.